Map: Mech Depot LE

Players

Semper - Winner!

  • Race: Terran Terran
  • Spawn Location: 1:00

NoRegreT

  • Race: Zerg Zerg
  • Spawn Location: 7:00

Event: WCS Montreal 2017

VOD

Have the link to the VOD?

Description

Time

  • Played on: Sept. 8, 2017, 12:33 p.m.
  • Length: 12:56

All games in this series

Show
View Real Time Build Order
Export as new Build Order

Semper Terran - Winner!

Build Orders: Reaper Expand, Bio Tank, Hellion Banshee 

Get SALT Encoding   

  12  0:01  SCV  
  13  0:13  SCV  
  14  0:17  Supply Depot  
  14  0:25  SCV  
  15  0:38  SCV  
  15  0:41  Barracks  
  16  0:44  Refinery  
  16  0:50  SCV  
  17  1:03  SCV  
  18  1:15  SCV  
  19  1:27  Orbital Command  
  19  1:28  Reaper  
  20  1:41  Command Center  
  20  1:52  Supply Depot  
  20  1:53  SCV  
  21  2:04  Factory  
  21  2:07  SCV  
  22  2:16  Refinery  
  22  2:19  SCV  
  23  2:23  Barracks Reactor  
  23  2:31  SCV  
  24  2:43  SCV  
  25  2:55  Orbital Command  
  25  3:01  SCV  
  25  3:03  Starport  
  26  3:09  Hellion x2  
  26  3:10  Barracks Tech Lab  
  30  3:13  SCV  
  31  3:21  SCV  
  31  3:25  Supply Depot  
  33  3:27  SCV  
  33  3:30  Hellion x2  
  33  3:33  SCV  
  38  3:40  SCV  
  39  3:45  Viking, SCV  
  42  3:51  Supply Depot  
  42  3:53  Cloaking Field  
  42  3:54  Supply Depot  
  42  3:56  Hellion  
  42  3:58  Hellion  
  42  3:59  SCV  
  42  4:02  SCV  
  48  4:11  SCV  
  48  4:14  Supply Depot  
  48  4:15  Banshee  
  48  4:16  Supply Depot  
  52  4:18  SCV  
  53  4:27  Hellion x2, Barracks Tech Lab  
  53  4:28  SCV  
  58  4:37  SCV  
  59  4:40  SCV  
  59  4:48  Command Center  
  59  4:49  SCV  
  60  4:54  Hellion x2  
  60  4:59  SCV  
  61  5:04  SCV  
  61  5:06  Banshee  
  65  5:11  Supply Depot  
  65  5:12  SCV  
  66  5:17  Marine, Hellion x2  
  66  5:20  Stimpack  
  71  5:21  SCV  
  71  5:24  SCV  
  73  5:29  Barracks  
  73  5:33  Barracks  
  73  5:34  SCV  
  74  5:37  Marine  
  74  5:41  Engineering Bay  
  74  5:42  Engineering Bay  
  75  5:44  SCV, Refinery  
  75  5:46  Refinery  
  76  5:55  Marine  
  76  5:56  SCV  
  78  6:00  Starport Reactor, SCV  
  78  6:04  Orbital Command  
  79  6:07  Siege Tank  
  79  6:10  SCV  
  83  6:12  Barracks x2, Marine  
  84  6:22  SCV  
  85  6:26  Barracks Reactor  
  85  6:28  SCV, Terran Infantry Armor Level 1, Terran Infantry Weapons Level 1  
  85  6:30  Supply Depot  
  86  6:34  SCV  
  86  6:35  Marine x2  
  89  6:40  SCV  
  89  6:42  Orbital Command  
  89  6:45  Siege Tank, Medivac  
  89  6:46  Medivac, SCV  
  98  6:48  Marine  
  98  6:52  SCV  
  100  6:58  SCV  
  100  6:59  Marine, Barracks Reactor  
  100  7:00  Barracks Reactor  
  102  7:01  Supply Depot  
  102  7:03  Supply Depot  
  102  7:04  SCV  
  102  7:07  Marine  
  102  7:08  Marine x3  
  107  7:10  SCV x2  
  109  7:16  Marine, SCV  
  109  7:22  SCV x2  
  113  7:25  Marine x2  
  113  7:28  Marine x2, SCV  
  113  7:29  Siege Tank  
  119  7:32  Supply Depot  
  119  7:34  Supply Depot, Marine  
  119  7:35  Armory, Medivac, SCV  
  119  7:36  Medivac  
  125  7:41  Marine  
  120  7:44  Marine  
  120  7:49  SCV  
  120  7:54  SCV x2  
  120  7:56  Supply Depot, Refinery  
  120  7:57  Factory, Refinery  
  120  7:58  Marine x2  
  122  8:01  Combat Shields  
  122  8:02  Siege Tank  
  122  8:03  Marine x7  
  134  8:12  SCV x2  
  136  8:16  Marine x2  
  138  8:21  Marine x3  
  138  8:25  Supply Depot, Marine  
  138  8:26  Supply Depot, Medivac x2  
  146  8:30  Supply Depot  
  146  8:31  Supply Depot  
  146  8:33  Terran Infantry Weapons Level 2  
  146  8:37  Marine x4  
  146  8:38  Marine  
  151  8:48  Marine x2  
  151  8:49  Marine x2  
  151  8:50  Terran Infantry Armor Level 2  
  151  8:55  Supply Depot  
  155  8:57  Factory Tech Lab  
  155  8:58  Marine x2  
  155  9:00  Marine  
  155  9:02  Siege Tank  
  161  9:07  Marine x2  
  161  9:08  Marine  
  164  9:18  Marine  
  164  9:20  Marine x2  
  164  9:21  Marine x3  
  170  9:26  Supply Depot  
  170  9:29  Siege Tank  
  173  9:31  Marine  
  173  9:32  Marine x2  
  173  9:33  Command Center  
  173  9:36  Marine  
  173  9:38  Marine  
  177  9:40  Terran Vehicle Weapons Level 1  
  177  9:44  Marine x2  
  177  9:45  Barracks  
  180  9:46  Barracks, Marine x2  
  180  9:49  Barracks  
  180  9:51  Marine  
  180  9:52  Marine x2  
  185  9:53  Marine  
  185  9:56  Siege Tank  
  181  10:11  Marine x4  
  181  10:12  Marine x5  
  181  10:13  Siege Tank  
  156  10:28  Siege Tank  
  149  10:29  Marine x4  
  147  10:36  Marine  
  147  10:40  Marine x4  
  147  10:46  Siege Tank  
  147  10:47  Marine x4  
  147  10:49  Planetary Fortress  
  154  10:51  Barracks Tech Lab x3  
  154  10:53  SCV  
  154  10:54  Marine, SCV  
  157  10:58  Command Center, Marine  
  157  10:59  Marine x2  
  157  11:03  Medivac x2  
  164  11:07  Marine x2, Marauder  
  168  11:19  Marine  
  168  11:20  Marine x3  
  168  11:22  Marine  
  168  11:23  Marine x2  
  175  11:27  Marine x2  
  175  11:29  Siege Tank x2  
  183  11:39  Marine x7  
  187  11:40  Marine x3  
  187  11:44  Marine  
  187  11:45  Marine  
  180  11:51  Liberator x2  
  176  11:57  Marine x4  
  176  11:58  Marauder x2  
  176  12:01  Siege Tank, Marine x4  
  174  12:02  Marine x2  
  174  12:06  Siege Tank  
  182  12:14  Marine  
  182  12:15  Marine x3  
  182  12:18  Marine x2  
  182  12:19  Marine x3, Marauder  
  182  12:20  Marine x2  
  190  12:32  Marine x2  
  190  12:33  Marine  
  200  12:45  Starport  
  200  12:46  Starport  
Show
View Real Time Build Order
Export as new Build Order

NoRegreT Zerg 

Build Orders: Hatch First 

Get SALT Encoding   

  12  0:00  Drone  
  13  0:12  Overlord  
  13  0:19  Drone  
  14  0:31  Drone x2  
  14  0:35  Drone  
  17  0:54  Hatchery  
  17  0:56  Drone  
  17  1:00  Drone  
  18  1:13  Extractor  
  18  1:15  Spawning Pool  
  18  1:17  Drone  
  17  1:21  Drone  
  18  1:29  Drone  
  19  1:38  Drone  
  20  1:55  Drone  
  21  2:03  Zergling x2  
  21  2:05  Queen x2  
  21  2:06  Zergling x2  
  27  2:14  Drone  
  27  2:15  Metabolic Boost  
  28  2:20  Overlord  
  28  2:23  Extractor  
  28  2:24  Drone  
  28  2:42  Drone x2  
  29  2:46  Drone  
  29  2:51  Drone  
  31  2:52  Drone  
  31  2:58  Drone, Hatchery  
  32  3:02  Queen  
  32  3:04  Overlord  
  33  3:08  Drone, Evolution Chamber  
  33  3:10  Drone  
  34  3:15  Drone  
  35  3:22  Queen  
  37  3:30  Overlord  
  37  3:31  Drone, Zergling x4  
  40  3:39  Zerg Melee Weapons Level 1  
  40  3:42  Drone x2  
  40  3:44  Zergling x4  
  44  3:49  Zergling x4  
  44  3:50  Zergling x4  
  44  3:52  Zergling x2  
  44  3:53  Zergling x2  
  50  4:00  Zergling x4  
  52  4:09  Overlord  
  52  4:11  Zergling x4  
  54  4:17  Zergling x6  
  54  4:19  Overlord  
  54  4:21  Baneling Nest, Zergling x2  
  54  4:22  Zergling x2  
  58  4:26  Spore Crawler  
  58  4:29  Spore Crawler  
  56  4:37  Zergling x2  
  56  4:38  Zergling x2  
  56  4:40  Drone x2  
  56  4:41  Drone  
  56  4:43  Drone x2  
  60  4:48  Drone x2  
  60  4:50  Drone x2  
  64  4:56  Drone  
  64  4:58  Drone  
  64  4:59  Drone  
  65  5:02  Overlord  
  65  5:06  Spore Crawler, Drone  
  64  5:14  Lair  
  64  5:16  Extractor  
  64  5:17  Drone x2  
  64  5:18  Overlord  
  65  5:25  Drone x5  
  65  5:27  Drone  
  71  5:28  Baneling x2  
  71  5:30  Baneling  
  71  5:31  Baneling x3  
  71  5:32  Drone  
  73  5:35  Drone  
  73  5:37  Overlord  
  73  5:38  Drone  
  74  5:44  Queen  
  76  5:52  Zergling x2  
  76  5:53  Zergling x4  
  76  5:54  Extractor  
  78  6:01  Zergling x6  
  78  6:02  Drone  
  78  6:03  Drone x2  
  84  6:04  Drone  
  84  6:07  Zerg Ground Armor Level 1  
  84  6:08  Drone, Evolution Chamber  
  84  6:10  Drone x2  
  87  6:18  Overseer  
  87  6:24  Drone x2  
  88  6:33  Drone  
  88  6:35  Overlord  
  89  6:40  Hydralisk Den, Overlord, Zergling x2  
  89  6:45  Overlord  
  89  6:48  Zerg Melee Weapons Level 2  
  89  6:52  Overlord  
  89  6:54  Hatchery  
  88  6:56  Drone  
  88  6:57  Drone  
  88  7:00  Drone  
  88  7:01  Zergling x6  
  93  7:02  Zergling x8  
  93  7:03  Overlord, Zergling x2  
  93  7:07  Hatchery  
  98  7:11  Muscular Augments, Hydralisk  
  98  7:14  Zergling x4  
  98  7:15  Drone x2  
  104  7:17  Hydralisk  
  103  7:23  Hydralisk  
  98  7:32  Hydralisk  
  98  7:36  Drone x2  
  98  7:37  Extractor x2, Drone x3  
  90  7:46  Drone x2  
  90  7:47  Drone x5  
  90  7:48  Drone  
  95  7:53  Drone x2  
  95  7:57  Centrifical Hooks  
  97  7:58  Hydralisk  
  97  8:00  Hydralisk  
  97  8:03  Overlord, Hydralisk  
  103  8:08  Zergling x6  
  103  8:09  Zergling x4  
  103  8:10  Drone  
  103  8:12  Hydralisk  
  111  8:13  Overseer  
  111  8:17  Hydralisk  
  113  8:20  Hatchery, Zergling x2  
  113  8:21  Zergling x2  
  113  8:25  Hydralisk x3  
  120  8:29  Hydralisk  
  120  8:34  Overlord  
  122  8:39  Drone x4  
  122  8:40  Infestation Pit, Drone x2  
  127  8:41  Hydralisk  
  127  8:43  Extractor x2  
  127  8:45  Baneling x2  
  127  8:47  Zergling x6  
  126  8:50  Zergling x2  
  126  8:51  Baneling  
  126  8:52  Zergling x4, Baneling x3  
  126  8:55  Zergling x6  
  132  8:58  Hydralisk x2  
  132  9:02  Hydralisk  
  138  9:14  Zergling x2  
  138  9:15  Overlord  
  137  9:18  Hive  
  135  9:32  Drone x4  
  135  9:34  Zergling x4  
  135  9:35  Hatchery, Baneling x2  
  135  9:36  Hydralisk x2  
  135  9:37  Hydralisk x3  
  150  9:42  Hydralisk  
  152  9:46  Spore Crawler, Zergling x2  
  152  9:48  Overlord  
  152  9:50  Overlord  
  152  10:03  Queen  
  144  10:07  Zergling x10  
  144  10:11  Zergling x18  
  144  10:14  Zergling x2  
  147  10:16  Zergling x4  
  147  10:18  Zergling x4  
  147  10:19  Zergling x6  
  147  10:20  Zergling x4  
  134  10:23  Zergling x4  
  120  10:32  Zergling x4  
  120  10:33  Hydralisk  
  120  10:34  Hydralisk  
  114  10:36  Baneling x2  
  114  10:40  Hydralisk  
  114  10:41  Hydralisk  
  112  10:49  Zergling x4  
  114  10:50  Drone x3  
  114  10:52  Baneling x4  
  114  10:54  Drone x2  
  119  10:58  Drone x3, Hydralisk  
  119  11:01  Hydralisk  
  119  11:02  Ultralisk Cavern  
  125  11:07  Baneling x4  
  125  11:09  Zergling x8  
  125  11:10  Zergling x4  
  131  11:11  Zergling x2  
  131  11:13  Zergling x4  
  131  11:14  Zergling x2  
  131  11:15  Zergling x2  
  136  11:20  Zergling x6  
  136  11:21  Zergling x8  
  143  11:26  Zergling x2  
  143  11:29  Baneling x2  
  143  11:30  Baneling x3  
  142  11:34  Zergling x8  
  142  11:36  Zergling x2  
  142  11:39  Zergling x2  
  133  11:40  Zergling x2  
  133  11:41  Zergling x2  
  133  11:42  Zergling x6  
  128  11:47  Zergling x10  
  128  11:49  Zergling x4  
  128  11:50  Zergling x4  
  128  11:51  Baneling x6  
  128  11:52  Ultralisk x2  
  142  11:59  Zergling x2  
  142  12:00  Zergling x4  
  134  12:01  Zergling x6  
  134  12:03  Zergling x2  
  134  12:04  Zergling x2  
  134  12:07  Zergling x2  
  117  12:16  Zergling x4  
  117  12:21  Zergling x6  
  117  12:24  Baneling x4  
  117  12:26  Zergling x10  
  125  12:30  Zergling x4  
  125  12:32  Zergling x2, Baneling  
  125  12:34  Zergling x2  
  125  12:36  Zergling x4  
  129  12:41  Hatchery  
Tags
 
Add a new tag
Caveats
  • Supply blocks, unpowered buildings, or Contaminate may cause inaccurate times.
  • Supply counts are checked every 10 seconds.